 Dungeon Crawl Stone Soup version 0.30-a0-777-ga9a30cbeda (webtiles) character file.

Game seed: 16077360219755570741

9 PLAYERX the Charlatan (level 2, 0/20 HPs)
             Began as a Gnoll Wanderer on Feb 13, 2023.
             Slain by a giant cockroach (1 damage)
             ... on level 1 of the Dungeon.
             The game lasted 00:01:10 (147 turns).

PLAYERX the Charlatan (Gnoll Wanderer)               Turns: 147, Time: 00:01:11

Health: 0/20       AC:  2    Str:  8    XL:     2   Next: 12%
Magic:  5/5        EV: 11    Int: 10    God:
Gold:   47         SH:  0    Dex: 15    Spells: 5/6 levels left

rFire   . . .      SeeInvis .    a - +2 dagger
rCold   . . .      Faith    .    (no shield)
rNeg    . . .      Spirit   .    e - +0 robe
rPois   .          Reflect  .    (no helmet)
rElec   .          Harm     .    (no cloak)
rCorr   .          Rampage  .    (no gloves)
Will    .....                    (no boots)
Stlth   +++                      (no amulet)
HPRegen 0.23/turn                (no ring)
MPRegen 0.09/turn                (no ring)

@: no status effects
A: fangs 1, strong nose, distributed training
a: no special abilities


You were on level 1 of the Dungeon.
You visited 1 branch of the dungeon, and saw 1 of its levels.

You collected 47 gold pieces.

Inventory:

Hand Weapons
 a - a +2 dagger (weapon)
Armour
 e - a +0 robe (worn)
Wands
 c - a wand of polymorph (6)
Scrolls
 b - 2 scrolls of blinking
 d - a scroll of fog
 h - a scroll of amnesia {unknown}
 i - a scroll of identify {unknown}
Potions
 f - a potion of curing {unknown}
 g - a potion of invisibility {unknown}


   Skills:
 + Level 0.3 Fighting
 + Level 0.3 Short Blades
 + Level 0.3 Long Blades
 + Level 0.3 Axes
 + Level 0.3 Maces & Flails
 + Level 0.3 Polearms
 + Level 0.3 Staves
 + Level 0.3 Ranged Weapons
 + Level 0.3 Throwing
 + Level 0.3 Armour
 + Level 0.3 Dodging
 + Level 5.9 Stealth
 + Level 0.3 Shields
 + Level 0.3 Unarmed Combat
 + Level 2.7 Spellcasting
 + Level 0.2 Conjurations
 + Level 0.2 Hexes
 + Level 0.2 Summonings
 + Level 0.2 Necromancy
 + Level 0.2 Translocations
 + Level 0.2 Transmutations
 + Level 0.2 Fire Magic
 + Level 0.2 Ice Magic
 + Level 0.2 Air Magic
 + Level 2.0 Earth Magic
 + Level 0.2 Poison Magic
 + Level 4.5 Invocations
 + Level 6.4 Evocations


You had 5 spell levels left.
You knew the following spells:

 Your Spells              Type           Power      Damage    Failure   Level
a - Sandblast             Erth           10%        2d5       13%         1

Your spell library contained the following spells:

 Spells                   Type           Power      Damage    Failure   Level
 Stone Arrow              Conj/Erth      6%         3d7       50%         3


Dungeon Overview and Level Annotations

Branches:
Dungeon (1/15)

Altars:


Innate Abilities, Weirdness & Mutations

You have very sharp teeth.
Your uncanny sense of smell can sniff out nearby items.
Your experience applies equally to all skills.


Message History

The giant cockroach bites you.
* * * LOW HITPOINT WARNING * * *
You closely miss the quokka. The quokka closely misses you.
The giant cockroach bites you.
* * * LOW HITPOINT WARNING * * *
You hit the quokka.
The quokka is heavily wounded.
The giant cockroach bites you but does no damage.
The quokka bites you but does no damage.
You barely miss the quokka. Your bite misses the quokka.
The quokka is heavily wounded.
The quokka bites you but does no damage.
The giant cockroach misses you. The quokka closely misses you.
The giant cockroach closely misses you.
You hit the quokka.
The quokka is severely wounded.
The quokka barely misses you. The giant cockroach closely misses you.
You hit the quokka but do no damage.
The quokka is severely wounded.
The quokka barely misses you.
The giant cockroach bites you but does no damage.
You hit the quokka but do no damage.
The quokka is severely wounded.
The quokka bites you but does no damage.
The giant cockroach bites you.
* * * LOW HITPOINT WARNING * * *
You closely miss the quokka. Your bite misses the quokka.
The quokka is severely wounded.
The quokka barely misses you. The giant cockroach closely misses you.
You hit the giant cockroach but do no damage.
The giant cockroach is lightly wounded.
The quokka barely misses you.
The giant cockroach waves its antennae.
The giant cockroach misses you.
You miss the quokka. Your bite misses the quokka.
The quokka is severely wounded.
The quokka bites you.
* * * LOW HITPOINT WARNING * * *
The giant cockroach bites you.
You die...

.. #.### ####### .....##
####...... ###......
......... .... ...#
........ .....
#.##########......
......#............)....
......B@.......†........
......#r###...######....
...). #.# #...# #.#..
.... #.# #..... #.#..
... ... #...##.. ..#.#
.# #.. #.... ###.... #.#
...... ...##
#.#...............
.g.....


You could see a quokka and a giant cockroach.

Vanquished Creatures
  A ball python (D:1)
  A bat (D:1)
  2 endoplasms (D:1)
  A goblin (D:1)
  A hobgoblin (D:1)
  A frilled lizard (D:1)
7 creatures vanquished.

Notes
Turn   | Place    | Note
-------+----------+-------------------------------------------
     0 | D:1      | PLAYERX the Gnoll Wanderer began the quest for the Orb.
     0 | D:1      | PLAYERX set off with the following items: a +2 dagger, a
                  | scroll of blinking, a wand of polymorph (6), a scroll of
                  | fog, a +0 robe; and the following spell memorised:
                  | Sandblast; and the following spells available to memorise:
                  | Stone Arrow.
     0 | D:1      | Reached XP level 1. HP: 13/13 MP: 4/4
   122 | D:1      | Reached XP level 2. HP: 19/19 MP: 5/5
   144 | D:1      | HP: 1/20 [giant cockroach (2)]
   147 | D:1      | Slain by a giant cockroach

Illustrated notes

Levels and vault maps discovered:
D:1:      nicolae_arrival_washed_ashore, layout_rooms, minmay_tetromino_o4

Skill      XL: |  1 |
---------------+----+-----
Earth Magic    | 2 |  2.0
Fighting       | |  0.3
Short Blades   | |  0.3
Long Blades    | |  0.3
Axes           | |  0.3
Maces & Flails | |  0.3
Polearms       | |  0.3
Staves         | |  0.3
Ranged Weapons | |  0.3
Throwing       | |  0.3
Armour         | |  0.3
Dodging        | |  0.3
Stealth        | |  5.9
Shields        | |  0.3
Unarmed Combat | |  0.3
Spellcasting   | |  2.7
Conjurations   | |  0.2
Hexes          | |  0.2
Summonings     | |  0.2
Necromancy     | |  0.2
Translocations | |  0.2
Transmutations | |  0.2
Fire Magic     | |  0.2
Ice Magic      | |  0.2
Air Magic      | |  0.2
Poison Magic   | |  0.2
Invocations    | |  4.5
Evocations     | |  6.4

Action                     || total
---------------------------++-------
  Melee: Dagger            ||    31
         Bite              ||     1
   Stab: Sleeping          ||     1
 Armour: Robe              ||     9
  Dodge: Dodged            ||    25

Table legend: (Time is in decaauts)
 A = Elapsed time spent in this place.
 B = Non-inter-level travel time spent in this place.
 C = Inter-level travel time spent in this place.
 D = Time resting spent in this place.
 E = Time spent auto-exploring this place.
 F = Levels seen in this place.
 G = Mean time per level.
                   A        B        C        D        E       F      G
               +--------+--------+--------+--------+--------+-----+--------+
         Total |    146 |    146 |      0 |      0 |     57 |   1 |  146.0 |
       Dungeon |    146 |    146 |      0 |      0 |     57 |   1 |  146.0 |
               +--------+--------+--------+--------+--------+-----+--------+

Top non-repeatable levels by time:
     D:1: 146 daAuts
